 Dungeon Sprint DCSS version 0.21.0-3-g78d12a8 (webtiles) character file.

63449 wojtek the Executioner (level 13, 0/136 HPs)
             Began as a Minotaur Berserker on Jan 14, 2018.
             Was a High Priest of Trog.
             Splashed by an acid blob's acid (8 damage)
             ... in the Dungeon (Sprint III: "The Ten Rune Challenge").
             The game lasted 00:20:40 (5614 turns).

wojtek the Executioner (Minotaur Berserker)         Turns: 5614, Time: 00:20:41

Health: 0/136      AC: 19    Str: 27    XL:     13   Next: 47%
Magic:  12/12      EV: 18    Int:  4    God:    Trog [*****.]
Gold:   1933       SH:  0    Dex: 10    Spells: 12/12 levels left

rFire    + + .     SeeInvis .   a - +3 broad axe (drain)
rCold    . . .     Gourm    .   (no shield)
rNeg     . . .     Faith    .   L - +3 fire dragon scales {Xtahua}
rPois    .         Spirit   .   C - +2 hat
rElec    .         Reflect  .   (no cloak)
rCorr    .         Harm     .   (no gloves)
MR       .....     NoTele   +   (no boots)
Stlth    ..........             (no amulet)
HPRegen  0.32/turn              F - ring of protection from fire
MPRegen  0.13/turn              G - ring of ice

@: no status effects
A: retaliatory headbutt, horns 2
}: 2/10 runes: decaying, serpentine
a: Berserk, Trog's Hand, Brothers in Arms, Burn Spellbooks, Renounce Religion


You were in the Dungeon.
You worshipped Trog.
Trog was extremely pleased with you.
You were hungry.

You visited 1 branch You collected 2533 gold pieces.
You spent 600 gold pieces at shops.

Inventory:

Hand Weapons
 a - a +3 broad axe of draining (weapon)
 b - a +2 broad axe of draining
 z - a +3 executioner's axe of freezing
 A - a +3 antimagic battleaxe
 B - the +7 hand axe of Bewud {flame, *Corrode rN++ Int+2 SInv}
   (Trog gifted it to you in the Dungeon)

   It has been specially enchanted to burn those struck by it, causing extra
   injury to most foes and up to half again as much damage against particularly
   susceptible opponents.
   Big, fiery blades are also staple armaments of hydra-hunters.
   It affects your intelligence (+2).
   It greatly protects you from negative energy.
   It lets you see invisible.
   It may corrode you when you take damage.
 E - a +9 battleaxe of electrocution
Missiles
 k - 5 throwing nets
 u - 6 javelins of returning (quivered)
Armour
 y - a +0 plate armour
 C - a +2 hat (worn)
 L - +3 fire dragon scales (worn) {Xtahua}
Jewellery
 x - a +3 ring of evasion
 F - a ring of protection from fire (left hand)
 G - a ring of ice (right hand)
 I - a +1 ring of protection
Wands
 v - a wand of clouds (3)
 H - a wand of disintegration (13)
Scrolls
 i - 2 scrolls of blinking
 m - a scroll of immolation {unknown}
 n - 4 scrolls of identify
 q - a scroll of torment {unknown}
 r - a scroll of fear {unknown}
 s - a scroll of remove curse {unknown}
 J - a scroll of enchant weapon {unknown}
Potions
 d - 2 potions of curing
 e - 2 potions of heal wounds
 f - a potion of haste
 g - 2 potions of magic
 h - 2 potions of berserk rage
 j - 2 potions of might
 l - 3 potions of mutation {unknown}
 o - a potion of agility {unknown}
 p - 5 potions of flight
 t - 2 potions of ambrosia {unknown}
 D - a potion of brilliance {unknown}
Miscellaneous
 w - a lightning rod (4/4)
Comestibles
 c - 12 rations
 K - 9 chunks of flesh


   Skills:
 + Level 18.9 Fighting
 * Level 24.7 Axes
 + Level 18.7 Armour
 + Level 17.4 Dodging


You had 12 spell levels left.
You didn't know any spells.

Dungeon Overview and Level Annotations

Branches:
Dungeon (1/1)

Altars:
Cheibriados
Dithmenos
Elyvilon
Fedhas
Gozag
Hepliaklqana
Kikubaaqudgha
Makhleb
Nemelex Xobeh
Okawaru
Qazlal
Ru
Sif Muna
Trog
Uskayaw
Vehumet
Wu Jian
Xom
Yredelemnul
Zin
The Shining One
Beogh
Jiyva
Lugonu

Shops:
D !=([!=}


Innate Abilities, Weirdness & Mutations

You reflexively headbutt those who attack you in melee.
You have a pair of horns on your head.


Message History

The floating eye dies!
Trog accepts your kill. The walls burn your stone giant!
Your stone giant hits the acid blob!!!
Your stone giant is burned by acid!
There is an open door to the Pits of Slime here.
Your two-headed ogre goes berserk!
You are feeling hungry.
Something hits your stone giant!
Your stone giant is splashed with acid.
Something hits your stone giant!!
Your stone giant is splashed with acid.
Something hits your stone giant!!
Your stone giant is splashed with acid.
The acid corrodes your stone giant! Something hits your stone giant!!
Your stone giant is splashed with acid.
The acid corrodes your stone giant!
Your stone giant dies!
Your stone giant's corpse disappears in a puff of smoke!
You fail to use your ability.
You feel much better. The acid blob hits you!!
* * * LOW HITPOINT WARNING * * *
You are splashed with acid!
The acid burns!
You die...

▓..P#≈≈§§§≈≈≈≈♣♣♣♣♣
▓..)#≈.≈≈≈≈≈≈≈♣
▓##'####'#######♣
▓...............♣♣
▓#'#############)♣
▓...#≈P..........♣
▓...'≈≈...########♣
▓..)#≈≈≈...........
▓O@.#≈≈≈≈P..PP.....
#J#############'###
##.## #.♣♣ ##J#
#♣.♣ #J......# ♣.♣♣
......... ♣♣.♣
....###... ♣.♣♣
#...##=##.. ♣.♣♣
##J.#:φ$#.. ♣..♣


You could see an acid blob and a friendly two-headed ogre (berserk).

Vanquished Creatures
  An azure jelly (D)
  2 dire elephants (D)
  A fire dragon (D)
  Erolcha (D)
  7 anacondas (D)
  A death yak (D)
  Urug (D)
  A spriggan druid (D)
  A lindwurm (D)
  A deep elf mage (D)
  An orc sorcerer (D)
  An elephant (D)
  7 black mambas (D)
  2 spiny frogs (D)
  A komodo dragon (D)
  A rime drake (D)
  2 tyrant leeches (D)
  3 wandering mushrooms (D)
  6 blink frogs (D)
  A shadow (D)
  5 redbacks (D)
  2 spriggans (D)
  A hydra simulacrum (D)
  2 nagas (D)
  A spatial vortex (D)
  3 water moccasins (D)
  2 hell hounds (D)
  A swamp drake (D)
  A necrophage (D)
  5 two-headed ogres (D)
  A water elemental (D)
  A scorpion (D)
  7 killer bees (D)
  A jelly (D)
  An orc wizard (D)
  2 orc priests (D)
  A wizard (D)
  A necromancer (D)
  A polar bear simulacrum (D)
  A wolf simulacrum (D)
  3 humans (D)
  A kobold demonologist (D)
  4 adders (D)
  2 oozes (D)
  2 rats (D)
  3 plants (D)
97 creatures vanquished.

Vanquished Creatures (collateral kills)
  Xtahua (D)
  Rupert (D)
  Gastronok (D)
  A nagaraja (D)
  3 azure jellies (D)
  A fire dragon (D)
  A naga warrior (D)
  3 hydras (D)
  An anaconda (D)
  3 death yaks (D)
  A deep elf knight (D)
  A death drake (D)
  An orc sorcerer (D)
  4 deep elf magi (D)
  2 black mambas (D)
  A guardian serpent (D)
  An elephant (D)
  A queen bee (D)
  2 blink frogs (D)
  A floating eye (D)
  A water moccasin (D)
  2 orc warriors (D)
  A fire dragon simulacrum (D)
  25 killer bees (D)
  5 orc priests (D)
  An orc wizard (D)
  An adder (D)
  5 orcs (D)
72 creatures vanquished.

Vanquished Creatures (others)
  2 draconian scorchers (D)
  6 hellions (D)
  3 yaktaurs (D)
  An electric eel (D)
  5 plants (D)
17 creatures vanquished.

Grand Total: 186 creatures vanquished

Notes
Turn   | Place    | Note
-------+----------+-------------------------------------------
     0 | D        | wojtek the Minotaur Berserker began the quest for the Orb.
     0 | D        | Reached XP level 1. HP: 19/19 MP: 0/0
     5 | D        | Reached skill level 4 in Axes
     7 | D        | Reached XP level 2. HP: 27/27 MP: 1/1
    14 | D        | Reached ** piety under Trog
    15 | D        | Reached skill level 5 in Axes
    36 | D        | Killed a yaktaur
    38 | D        | Noticed a scorpion
    38 | D        | Killed a yaktaur
    44 | D        | Killed a scorpion
    44 | D        | Reached skill level 5 in Fighting
    44 | D        | Reached skill level 6 in Axes
    44 | D        | Reached XP level 3. HP: 28/36 MP: 2/2
    81 | D        | Killed a hellion
   109 | D        | Killed a hellion
   127 | D        | Reached *** piety under Trog
   127 | D        | Reached skill level 7 in Axes
   127 | D        | Reached XP level 4. HP: 25/44 MP: 3/3
   131 | D        | Killed a hellion
   132 | D        | Killed a hellion
   135 | D        | Killed a hellion
   196 | D        | Killed a hellion
   196 | D        | Killed a white draconian scorcher
   255 | D        | Noticed a water elemental
   260 | D        | Killed a water elemental
   260 | D        | Reached skill level 8 in Axes
   260 | D        | Reached skill level 5 in Armour
   260 | D        | Reached skill level 5 in Dodging
   260 | D        | Reached XP level 5. HP: 45/51 MP: 4/4
   272 | D        | Killed a white draconian scorcher
   372 | D        | Found a radiant altar of Vehumet.
   372 | D        | Found a deep blue altar of Sif Muna.
   372 | D        | Found an ancient bone altar of Kikubaaqudgha.
   377 | D        | Reached **** piety under Trog
   377 | D        | Reached skill level 9 in Axes
   472 | D        | Found a glowing silver altar of Zin.
   473 | D        | Found a glowing golden altar of the Shining One.
   473 | D        | Found a white marble altar of Elyvilon.
   473 | D        | Noticed a deep elf mage
   481 | D        | Received a gift from Trog
   483 | D        | Killed a deep elf mage
   483 | D        | Reached skill level 12 in Axes
   483 | D        | Reached XP level 6. HP: 35/63 MP: 5/5
   483 | D        | Reached XP level 7. HP: 39/70 MP: 6/6
   630 | D        | Found a hide-covered altar of Uskayaw.
   630 | D        | Found an iron altar of Okawaru.
   631 | D        | Found a roughly hewn altar of Beogh.
   631 | D        | Found a bloodstained altar of Trog.
   631 | D        | Found an ornate altar of the Wu Jian Council.
   631 | D        | Noticed a human
   631 | D        | Noticed a human
   634 | D        | Reached ***** piety under Trog
   637 | D        | Killed a human
   645 | D        | Killed a human
   774 | D        | Found a basalt altar of Yredelemnul.
   774 | D        | Found a shadowy altar of Dithmenos.
   774 | D        | Found a sacrificial altar of Ru.
   777 | D        | Received a gift from Trog
   777 | D        | Reached skill level 13 in Axes
   781 | D        | Reached skill level 10 in Fighting
   833 | D        | Noticed a shadow
   836 | D        | Killed a shadow
   836 | D        | Reached XP level 8. HP: 79/79 MP: 2/7
   837 | D        | Reached skill level 10 in Armour
   880 | D        | Found a blossoming altar of Fedhas.
   880 | D        | Found a stormy altar of Qazlal.
   880 | D        | Found a snail-covered altar of Cheibriados.
   880 | D        | Found a burning altar of Makhleb.
   880 | D        | Found a shimmering altar of Xom.
   881 | D        | Found a hazy altar of Hepliaklqana.
   881 | D        | Found an opulent altar of Gozag.
   881 | D        | Found a sparkling altar of Nemelex Xobeh.
   881 | D        | Found a corrupted altar of Lugonu.
   881 | D        | Found a viscous altar of Jiyva.
   947 | D        | Reached skill level 14 in Axes
  1007 | D        | Received a gift from Trog
  1034 | D        | Killed a yaktaur
  1065 | D        | Noticed a two-headed ogre
  1069 | D        | Killed a two-headed ogre
  1069 | D        | Reached skill level 10 in Dodging
  1125 | D        | Noticed a two-headed ogre
  1125 | D        | Noticed Erolcha
  1130 | D        | Killed Erolcha
  1130 | D        | Reached skill level 15 in Axes
  1130 | D        | Reached XP level 9. HP: 90/90 MP: 2/8
  1136 | D        | Killed a two-headed ogre
  1211 | D        | Found Toanou's Gadget Boutique.
  1226 | D        | Received a gift from Trog
  1227 | D        | Reached skill level 16 in Axes
  1228 | D        | Noticed an orc sorcerer
  1229 | D        | Noticed a sixfirhy
  1235 | D        | Killed an orc sorcerer
  1235 | D        | Received a gift from Trog
  1237 | D        | Noticed an orc sorcerer
  1247 | D        | Killed an orc sorcerer
  1247 | D        | Reached ****** piety under Trog
  1247 | D        | Received a gift from Trog
  1514 | D        | Noticed a deep elf mage
  1514 | D        | Noticed a deep elf mage
  1514 | D        | Noticed a deep elf knight
  1514 | D        | Noticed a deep elf mage
  1514 | D        | Noticed a deep elf mage
  1520 | D        | Killed a deep elf knight
  1520 | D        | Reached XP level 10. HP: 100/100 MP: 3/9
  1521 | D        | Killed a deep elf mage
  1521 | D        | Reached skill level 17 in Axes
  1523 | D        | Killed a deep elf mage
  1523 | D        | Received a gift from Trog
  1528 | D        | Killed a deep elf mage
  1538 | D        | Killed a deep elf mage
  1782 | D        | Noticed a deep elf annihilator
  1785 | D        | Noticed a deep elf death mage
  1787 | D        | Noticed a deep elf annihilator
  1792 | D        | Noticed a deep elf demonologist
  1910 | D        | Noticed a deep elf annihilator
  2189 | D        | Received a gift from Trog
  2201 | D        | Received a gift from Trog
  2214 | D        | Received a gift from Trog
  2215 | D        | Reached skill level 18 in Axes
  2229 | D        | Received a gift from Trog
  2237 | D        | Got a transparent hand axe {god gift}
  2305 | D        | Identified the +7 hand axe of Bewud {flame, *Corrode rN++ Int+2 SInv} (Trog gifted it to you in the Dungeon)
  2478 | D        | Noticed a spiny frog
  2478 | D        | Noticed a spiny frog
  2483 | D        | Killed a spiny frog
  2485 | D        | Killed a spiny frog
  2769 | D        | Received a gift from Trog
  2772 | D        | Reached XP level 11. HP: 90/110 MP: 10/10
  2785 | D        | Received a gift from Trog
  2785 | D        | Reached skill level 19 in Axes
  2937 | D        | Noticed a dire elephant
  2937 | D        | Noticed a dire elephant
  2937 | D        | Noticed Gastronok
  2953 | D        | Killed a dire elephant
  2955 | D        | Killed a dire elephant
  2955 | D        | Received a gift from Trog
  2955 | D        | Reached skill level 15 in Fighting
  2955 | D        | Reached skill level 20 in Axes
  2961 | D        | Killed Gastronok
  2961 | D        | Reached skill level 15 in Armour
  3071 | D        | Noticed an azure jelly
  3071 | D        | Noticed an azure jelly
  3071 | D        | Noticed an azure jelly
  3072 | D        | Noticed an azure jelly
  3078 | D        | Killed an azure jelly
  3081 | D        | Killed an azure jelly
  3084 | D        | Killed an azure jelly
  3084 | D        | Reached skill level 21 in Axes
  3086 | D        | Killed an azure jelly
  3086 | D        | Reached XP level 12. HP: 61/122 MP: 11/11
  3347 | D        | Noticed a death yak
  3348 | D        | Noticed a death yak
  3348 | D        | Noticed a death yak
  3351 | D        | Noticed a death yak
  3353 | D        | Killed a death yak
  3359 | D        | Killed a death yak
  3359 | D        | Reached skill level 15 in Dodging
  3363 | D        | Killed a death yak
  3368 | D        | Killed a death yak
  3370 | D        | Received a gift from Trog
  3548 | D        | Noticed Rupert
  3553 | D        | Paralysed by Rupert for 3 turns
  3554 | D        | Killed Rupert
  3554 | D        | Reached skill level 22 in Axes
  3736 | D        | Noticed a fire dragon
  3744 | D        | Killed a fire dragon
  3811 | D        | Received a gift from Trog
  3968 | D        | Noticed Urug
  3979 | D        | Killed Urug
  4075 | D        | Noticed a seven-headed hydra
  4075 | D        | Noticed an eight-headed hydra
  4079 | D        | Killed a seven-headed hydra
  4083 | D        | Killed a ten-headed hydra
  4228 | D        | Found a blossoming altar of Fedhas.
  4234 | D        | Received a gift from Trog
  4286 | D        | Noticed an anaconda
  4287 | D        | Reached skill level 23 in Axes
  4290 | D        | Received a gift from Trog
  4291 | D        | Killed an anaconda
  4303 | D        | Noticed an anaconda
  4305 | D        | Killed an anaconda
  4322 | D        | Noticed an anaconda
  4322 | D        | Noticed an anaconda
  4322 | D        | Received a gift from Trog
  4324 | D        | Noticed an anaconda
  4324 | D        | Killed an anaconda
  4328 | D        | Noticed an anaconda
  4333 | D        | Killed an anaconda
  4333 | D        | Reached XP level 13. HP: 76/134 MP: 12/12
  4644 | D        | Reached skill level 24 in Axes
  4650 | D        | Received a gift from Trog
  4863 | D        | Noticed a nagaraja
  4865 | D        | Found Loodibae's Antique Armour Shop.
  4865 | D        | Found Onaefasi's Distillery.
  4870 | D        | Killed a nagaraja
  4870 | D        | Received a gift from Trog
  4871 | D        | Found Ninwylal's Jewellery Boutique.
  4898 | D        | Got a serpentine rune of Zot
  4910 | D        | Bought an uncursed ring of protection from fire for 300 gold pieces
  4910 | D        | Bought an uncursed ring of ice for 300 gold pieces
  5223 | D        | Received a gift from Trog
  5488 | D        | Found Ritalack's Distillery.
  5488 | D        | Found Eneug's Jewellery Boutique.
  5490 | D        | Found Liuj's Antique Weapon Emporium.
  5506 | D        | Noticed a fire dragon
  5506 | D        | Noticed Xtahua
  5511 | D        | Killed Xtahua
  5513 | D        | Killed a fire dragon
  5528 | D        | Got a decaying rune of Zot
  5603 | D        | Noticed an acid blob
  5603 | D        | Noticed an azure jelly
  5605 | D        | Paralysed by a floating eye for 2 turns
  5614 | D        | Splashed by an acid blob's acid

Skill      XL: |  1  2  3  4  5  6  7  8  9 10 11 12 13 |
---------------+----------------------------------------+-----
Fighting       | 4 5 6 9 10 11 12 14 16 17 18 | 18.9
Axes           | 4 6 7 8 12 13 15 16 18 21 23 24 | 24.7
Armour         | 3 4 5 8 9 11 12 14 16 17 18 | 18.7
Dodging        | 3 4 5 7 9 10 11 13 14 16 17 | 17.4

Action                   |  1- 3 |  4- 6 |  7- 9 | 10-12 | 13-15 || total
-------------------------+-------+-------+-------+-------+-------++-------
Melee: Hand axe          |    21 |     9 |    55 |       |       ||    85
       Headbutt          |     4 |     4 |    14 |    41 |     9 ||    72
       Battleaxe         |       |       |     1 |    21 |       ||    22
       Executioner's axe |       |       |       |    35 |       ||    35
       Broad axe         |       |       |       |   140 |    39 ||   179
Invok: Berserk           |       |     2 |     9 |     3 |     2 ||    16
       Burn Spellbooks   |       |     1 |     1 |       |     1 ||     3
       Brothers in Arms  |       |       |     2 |    10 |     6 ||    18
  Use: Potion            |       |       |       |     1 |     1 ||     2
  Eat: Chunk             |       |       |     9 |     8 |     5 ||    22
       Ration            |       |       |     1 |     2 |     1 ||     4
Armor: Animal skin       |     2 |       |       |       |       ||     2
       Ring mail         |       |       |     2 |       |       ||     2
       Plate armour      |       |       |       |    86 |    15 ||   101
       Fire dragon scale |       |       |       |       |     2 ||     2
Dodge: Dodged            |    11 |     4 |    23 |   100 |    31 ||   169
